Map: Blackpink LE

Players

CinDra

  • Race: Zerg Zerg
  • League: Platinum
  • Spawn Location: 7:00

Darp - Winner!

  • Race: Protoss Protoss
  • League: Platinum
  • Spawn Location: 1:00

VOD

Have the link to the VOD?

Description

Time

  • Played on: March 20, 2018, 8:56 p.m.
  • Length: 15:09
Show
View Real Time Build Order
Export as new Build Order

CinDra Zerg 

Build Orders: Pool First 

Get SALT Encoding   

  12  0:01  Drone  
  13  0:12  Overlord  
  13  0:17  Drone  
  14  0:30  Drone x2  
  14  0:34  Drone  
  17  0:42  Extractor  
  16  0:48  Spawning Pool  
  15  0:51  Drone  
  15  0:56  Drone  
  17  1:16  Drone  
  18  1:27  Drone  
  19  1:44  Drone  
  19  1:46  Queen, Hatchery  
  21  1:48  Zergling x2  
  22  1:57  Metabolic Boost  
  22  2:02  Overlord  
  22  2:06  Overlord  
  22  2:16  Overlord  
  22  2:24  Roach Warren  
  21  2:32  Drone  
  22  3:05  Roach x7  
  35  3:15  Roach  
  35  3:16  Zergling x2  
  38  3:28  Zergling x8  
  42  3:42  Zergling x8  
  46  3:52  Zergling x4  
  48  3:57  Zergling x6  
  51  4:04  Overlord  
  51  4:16  Zergling x6  
  51  4:28  Drone  
  51  4:29  Drone  
  46  4:31  Queen  
  46  4:42  Drone  
  46  4:43  Drone x2  
  45  5:04  Hatchery  
  44  5:24  Drone x8  
  52  5:35  Spore Crawler  
  52  5:38  Spore Crawler  
  50  5:43  Lair  
  50  5:45  Drone  
  50  5:47  Drone  
  52  5:55  Overlord  
  52  5:57  Overlord  
  52  6:18  Spore Crawler  
  52  6:19  Queen  
  52  6:23  Overlord  
  52  6:25  Drone x6  
  59  6:32  Queen  
  61  6:43  Roach x3  
  61  6:44  Overlord  
  67  6:52  Drone x3  
  67  6:53  Extractor  
  69  6:59  Hydralisk Den  
  68  7:17  Roach x5  
  68  7:18  Roach x2  
  68  7:19  Overlord  
  68  7:20  Overlord  
  68  7:22  Glial Reconstitution  
  82  7:31  Grooved Spines  
  82  7:34  Overlord x2  
  82  7:35  Overlord  
  82  7:48  Hydralisk x3  
  88  7:58  Drone  
  88  7:59  Drone  
  88  8:02  Drone x8  
  98  8:22  Extractor  
  98  8:23  Drone x11  
  98  8:24  Extractor  
  107  8:27  Overseer x3  
  107  8:28  Overseer  
  107  8:35  Hydralisk  
  107  8:38  Overlord  
  109  9:08  Hydralisk x6  
  121  9:11  Overlord x2  
  121  9:12  Hatchery, Overlord x2  
  120  9:31  Muscular Augments  
  120  9:32  Evolution Chamber  
  120  9:33  Pneumatized Carapace  
  120  9:34  Drone, Evolution Chamber  
  120  9:35  Drone x9  
  128  9:58  Extractor  
  128  9:59  Extractor  
  126  10:00  Zerg Ground Armor Level 1, Zerg Missile Weapons Level 1  
  126  10:02  Hydralisk x3  
  132  10:09  Drone x8  
  140  10:24  Queen  
  142  10:32  Overlord x2  
  142  10:33  Hydralisk x8  
  158  10:48  Hydralisk  
  160  10:50  Overlord  
  160  10:51  Overlord x7  
  160  11:14  Extractor  
  160  11:16  Extractor  
  158  11:35  Hydralisk x13  
  184  11:46  Infestation Pit  
  183  11:57  Zergling x26  
  179  12:19  Hydralisk, Lair x2  
  179  12:20  Hydralisk x7  
  137  12:29  Hydralisk x3  
  116  12:30  Hydralisk  
  124  12:40  Zerg Ground Armor Level 2, Zerg Missile Weapons Level 2  
  124  12:54  Hydralisk x6  
  136  13:07  Hive  
  136  13:17  Drone  
  136  13:18  Spire  
  136  13:22  Drone x4  
  136  13:23  Drone x5  
  136  13:24  Drone x4  
  136  13:25  Drone  
  150  13:46  Hydralisk  
  150  13:47  Hydralisk x11  
  174  13:50  Zergling x20  
  178  14:16  Hydralisk x7  
  178  14:17  Hydralisk x3  
  128  14:20  Zergling x8  
  128  14:21  Zergling x10  
  124  14:27  Hydralisk  
  122  14:33  Mutalisk  
  122  14:34  Mutalisk  
  113  14:38  Overlord  
  113  14:43  Hydralisk  
  113  14:44  Hydralisk  
  91  14:55  Spine Crawler  
  91  14:56  Spine Crawler  
Show
View Real Time Build Order
Export as new Build Order

Darp Protoss - Winner!

Build Orders: 1 Gate Expand, Oracle Opening 

Get SALT Encoding   

  12  0:01  Probe  
  13  0:14  Probe  
  14  0:21  Pylon  
  14  0:26  Probe  
  15  0:39  Probe (Chrono Boost)  
  16  0:45  Gateway  
  17  0:50  Probe (Chrono Boost)  
  17  0:55  Probe (Chrono Boost)  
  18  0:57  Assimilator  
  18  1:06  Probe  
  19  1:26  Nexus  
  19  1:38  Cybernetics Core  
  19  1:40  Probe  
  20  1:48  Assimilator  
  20  1:52  Probe  
  21  1:56  Pylon  
  21  2:07  Probe  
  22  2:13  Adept (Chrono Boost)  
  24  2:22  Probe  
  25  2:25  Stargate  
  24  2:34  Probe  
  25  2:39  Adept  
  27  2:45  Probe  
  28  2:54  Probe  
  28  2:57  Probe  
  30  3:00  Gateway  
  30  3:01  Warp Gate  
  30  3:07  Probe  
  30  3:09  Probe  
  32  3:19  Probe, Shield Battery  
  33  3:21  Probe  
  36  3:31  Probe  
  36  3:33  Probe, Oracle (Chrono Boost)  
  39  3:43  Stalker (Chrono Boost)  
  39  3:48  Probe x2, Pylon  
  43  3:54  Stalker (Chrono Boost)  
  43  4:00  Probe x2  
  45  4:07  Stalker (Chrono Boost)  
  45  4:09  Pylon  
  47  4:15  Stalker  
  49  4:21  Pylon  
  47  4:37  Probe x2  
  49  4:39  Gateway  
  49  4:42  Cybernetics Core  
  49  4:49  Probe x2  
  51  5:01  Probe x2  
  51  5:02  Gateway  
  51  5:03  Assimilator  
  51  5:04  Robotics Facility, Phoenix (Chrono Boost)  
  55  5:07  Assimilator  
  55  5:10  Pylon  
  55  5:13  Probe x2  
  57  5:15  Stalker  
  57  5:16  Adept  
  61  5:25  Probe  
  61  5:28  Probe  
  63  5:30  Pylon  
  63  5:34  Pylon  
  63  5:42  Pylon, Shield Battery  
  63  5:43  Probe  
  63  5:46  Probe  
  65  5:55  Probe  
  66  6:01  Probe  
  67  6:07  Probe, Adept x2  
  72  6:15  Immortal (Chrono Boost)  
  76  6:25  Adept  
  78  6:33  Nexus  
  78  6:35  Probe x2  
  78  6:36  Pylon  
  80  6:44  Immortal (Chrono Boost)  
  84  6:49  Robotics Facility  
  84  6:50  Probe x2, Gateway  
  84  6:52  Gateway  
  86  6:55  Twilight Council  
  86  6:57  Forge  
  86  7:02  Probe  
  86  7:06  Probe  
  86  7:07  Shield Battery  
  88  7:10  Pylon  
  88  7:14  Probe  
  89  7:18  Probe  
  89  7:21  Protoss Ground Weapons Level 1  
  89  7:22  Pylon  
  90  7:25  Stalker  
  90  7:26  Adept x2, Gateway x2  
  90  7:29  Probe  
  97  7:30  Probe  
  97  7:32  Charge (Chrono Boost)  
  97  7:34  Pylon  
  98  7:39  Observer x2  
  98  7:41  Probe  
  101  7:48  Templar Archives  
  101  7:58  Probe x3  
  104  8:00  Assimilator  
  104  8:02  Assimilator  
  104  8:04  Shield Battery  
  104  8:06  Photon Cannon  
  104  8:09  Photon Cannon  
  104  8:10  Probe x3  
  111  8:21  Immortal x2 (Chrono Boost)  
  111  8:22  Probe x2  
  117  8:27  High Templar  
  117  8:28  High Templar x3  
  117  8:29  High Templar  
  117  8:32  Archon x2  
  127  8:35  High Templar  
  129  8:44  Probe x3  
  132  8:56  Probe, Shield Battery  
  132  8:58  Photon Cannon x2  
  132  9:02  Photon Cannon  
  133  9:03  Probe  
  133  9:04  Probe  
  133  9:07  Observer (Chrono Boost)  
  133  9:08  Probe  
  137  9:12  Nexus  
  137  9:13  Protoss Ground Weapons Level 2 (Chrono Boost)  
  137  9:14  Pylon  
  137  9:16  Immortal (Chrono Boost), Archon  
  141  9:37  Gateway  
  141  9:39  Gateway  
  141  9:40  Gateway  
  141  9:44  Probe  
  141  9:45  Probe x2  
  144  9:48  Pylon  
  144  9:53  Pylon x2  
  144  9:55  Pylon  
  144  9:57  Probe, High Templar x2  
  144  9:58  Gateway  
  144  9:59  Gateway  
  149  10:01  Gateway, Archon  
  149  10:16  Gateway  
  149  10:18  Gateway  
  149  10:21  High Templar, Gateway  
  149  10:22  High Templar x3, Gateway, Fleet Beacon  
  157  10:28  Assimilator  
  157  10:32  Archon x2  
  157  10:33  Assimilator  
  157  10:36  Shield Battery  
  157  10:45  Robotics Bay  
  157  10:50  Zealot x3  
  157  10:51  Zealot x3  
  169  10:59  Shield Battery, Protoss Ground Weapons Level 3 (Chrono Boost)  
  169  11:00  Photon Cannon  
  169  11:01  Photon Cannon  
  169  11:04  Graviton Catapult (Chrono Boost)  
  169  11:06  Photon Cannon  
  169  11:07  Photon Cannon  
  169  11:09  Immortal x2 (Chrono Boost)  
  177  11:19  High Templar x2  
  177  11:24  Archon  
  181  11:39  Zealot x3  
  187  11:40  Zealot x3  
  193  11:48  Pylon  
  193  11:51  Pylon  
  193  11:52  Pylon  
  193  11:53  Nexus, High Templar  
  195  11:55  Pylon  
  195  11:57  Pylon  
  195  12:00  Pylon  
  195  12:01  Gateway  
  195  12:02  Gateway  
  195  12:07  Gateway  
  195  12:14  Zealot x5  
  195  12:15  Zealot  
  199  12:21  Extended Thermal Lance (Chrono Boost)  
  171  12:23  Anion Pulse-Crystals (Chrono Boost)  
  171  12:28  High Templar  
  171  12:29  High Templar  
  173  12:32  High Templar x2  
  173  12:33  High Templar  
  173  12:35  Archon  
  173  12:36  Archon  
  179  12:38  Archon  
  179  12:40  Warp Prism (Chrono Boost)  
  179  12:42  Colossus (Chrono Boost)  
  187  13:03  Stargate  
  187  13:04  Protoss Air Weapons Level 1 (Chrono Boost)  
  187  13:05  Stargate  
  187  13:09  Zealot  
  187  13:10  Zealot x5  
  187  13:11  Stargate  
  199  13:13  Stargate  
  199  13:22  Protoss Ground Armor Level 1 (Chrono Boost)  
  167  14:29  High Templar x3  
  167  14:30  Zealot x2, High Templar  
  167  14:31  Zealot x4  
  183  14:32  Zealot  
  183  14:33  Zealot  
  183  14:34  Archon  
  183  14:35  Archon  
Tags
 
Add a new tag
Caveats
  • Supply blocks, unpowered buildings, or Contaminate may cause inaccurate times.
  • Supply counts are checked every 10 seconds.